Map: Coda LE

Players

AcerBly (Bly) - Winner!

  • Race: Zerg Zerg
  • Spawn Location: 5:00

Highblade

  • Race: Zerg Zerg
  • Spawn Location: 11:00

Event: LycanGTV LotV Beta Tournament 1

VOD

Have the link to the VOD?

Description

Time

  • Played on: April 2, 2015, 12:45 p.m.
  • Length: 6:02

All games in this series

Show
View Real Time Build Order
Export as new Build Order

AcerBly Zerg - Winner!

Build Orders: Hatch First 

Get SALT Encoding   

  12  0:01  Drone  
  13  0:11  Drone  
  14  0:21  Overlord  
  14  0:32  Drone, Extractor  
  15  0:46  Hatchery  
  14  0:51  Drone  
  14  0:55  Drone  
  16  0:58  Extractor  
  15  1:06  Drone  
  16  1:12  Drone  
  17  1:22  Spawning Pool  
  16  1:28  Drone  
  17  1:40  Drone  
  17  1:44  Drone  
  19  1:51  Overlord  
  19  2:01  Drone x2  
  21  2:09  Queen  
  21  2:10  Zergling x4  
  25  2:15  Metabolic Boost  
  25  2:24  Queen  
  27  2:30  Drone  
  27  2:31  Drone  
  29  2:40  Drone  
  29  2:41  Baneling Nest  
  29  2:42  Drone  
  30  2:45  Drone  
  31  3:03  Drone x5  
  36  3:11  Overlord  
  36  3:20  Overlord  
  36  3:25  Baneling  
  36  3:26  Baneling x3  
  36  3:31  Zergling x12  
  42  3:35  Zergling x4  
  42  3:36  Overlord  
  44  3:44  Drone x2  
  44  3:45  Drone  
  44  3:48  Extractor  
  46  3:49  Roach Warren  
  46  3:50  Overlord  
  46  3:55  Drone  
  46  3:59  Drone  
  46  4:01  Burrow  
  47  4:06  Drone x4  
  50  4:12  Overlord  
  49  4:22  Overlord  
  47  4:33  Roach x5  
  47  4:34  Roach  
  59  4:45  Roach x5  
  63  5:00  Roach  
  63  5:01  Roach x3  
  71  5:15  Hatchery  
  71  5:20  Extractor  
  71  5:21  Drone x7  
  73  5:22  Drone x2, Extractor  
  75  5:38  Roach  
  75  5:39  Roach x3  
  75  5:40  Overlord  
Show
View Real Time Build Order
Export as new Build Order

Highblade Zerg 

Build Orders: Hatch First 

Get SALT Encoding   

  12  0:01  Drone  
  13  0:13  Overlord  
  13  0:19  Drone  
  14  0:31  Drone x2  
  14  0:35  Drone  
  17  0:52  Hatchery  
  17  0:55  Drone  
  17  1:08  Drone x2  
  19  1:13  Extractor  
  19  1:17  Spawning Pool  
  17  1:28  Drone x2  
  19  1:40  Overlord  
  19  2:03  Drone x2  
  19  2:04  Queen x2  
  25  2:09  Drone  
  25  2:12  Metabolic Boost  
  26  2:18  Zergling x4  
  28  2:26  Drone  
  28  2:27  Drone  
  30  2:36  Drone  
  31  2:41  Drone  
  32  2:46  Drone  
  32  2:47  Queen  
  32  2:48  Drone  
  36  3:11  Overlord  
  36  3:12  Spine Crawler x2  
  34  3:24  Drone x2  
  36  3:28  Roach Warren  
  35  3:39  Drone x2  
  35  3:40  Drone x6  
  43  3:44  Extractor  
  42  3:57  Overlord  
  42  4:07  Overlord  
  42  4:13  Roach x2  
  42  4:24  Roach x3  
  42  4:25  Roach x3  
  50  4:32  Extractor x2  
  44  4:55  Roach  
  44  4:56  Roach x7  
  58  5:00  Overlord x3  
  58  5:20  Zergling x2  
  58  5:21  Zergling x6  
  62  5:25  Zergling x2  
  59  5:41  Zergling x12  

Tags
 
Add a new tag
Caveats
  • Supply blocks, unpowered buildings, or Contaminate may cause inaccurate times.
  • Supply counts are checked every 10 seconds.